 Dungeon Crawl Stone Soup version 0.29.1-13-g9f3cf754e1 (webtiles) character file.

Game seed: 5635173884924489067

827 bjubeck the Sneak (level 7, -4/36 HPs)
             Began as a Spriggan Venom Mage on Feb 3, 2023.
             Killed from afar by an orc wizard (12 damage)
             ... with a puff of flame
             ... on level 4 of the Dungeon.
             The game lasted 00:23:41 (4918 turns).

bjubeck the Sneak (Spriggan Venom Mage)             Turns: 4918, Time: 00:23:42

Health: -4/36      AC:  2    Str:  4    XL:     7   Next: 64%
Magic:  15/15      EV: 23    Int: 17    God:
Gold:   267        SH:  5    Dex: 29    Spells: 15/16 levels left

rFire   . . .      SeeInvis +   v - +2 dagger (drain)
rCold   . . .      Faith    .   (no shield)
rNeg    . . .      Spirit   .   a - +0 robe
rPois   .          Reflect  +   (helmet restricted)
rElec   .          Harm     .   (no cloak)
rCorr   .          Rampage  .   (gloves unavailable)
Will    +....                   (boots unavailable)
Stlth   ++++......              l - amulet of reflection
HPRegen 0.12/turn               d - +6 ring of dexterity
MPRegen 0.14/turn               p - +6 ring of dexterity

@: very quick
A: very small, no large weapons, unfitting armour, see invisible, speed 3
a: no special abilities


You were on level 4 of the Dungeon.
You visited 1 branch of the dungeon, and saw 4 of its levels.

You collected 267 gold pieces.

Inventory:

Hand Weapons
 f - a +0 dagger
 s - a +1 vampiric dagger
 v - a +2 dagger of draining (weapon)
 D - a +4 dagger of holy wrath
Missiles
 n - 2 throwing nets
Armour
 a - a +0 robe (worn)
 q - a +0 buckler
Jewellery
 d - a +6 ring of dexterity (left hand)
 l - an amulet of reflection (around neck)
 m - a ring of wizardry
 p - a +6 ring of dexterity (right hand)
 z - a +6 ring of strength
Wands
 y - a wand of iceblast (7)
 C - a wand of light (7)
Scrolls
 c - 7 scrolls of identify {unknown}
 e - 3 scrolls of blinking {unknown}
 g - 7 scrolls of teleportation {unknown}
 h - 3 scrolls of enchant weapon {unknown}
 k - a scroll of immolation {unknown}
 r - a scroll of fear {unknown}
 u - 3 scrolls of poison {unknown}
 w - a scroll of brand weapon {unknown}
 x - 2 scrolls of enchant armour {unknown}
 A - a scroll of fog {unknown}
 B - a scroll of amnesia {unknown}
Potions
 b - a potion of magic
 i - a potion of might {unknown}
 j - 4 potions of curing {unknown}
 o - 2 potions of heal wounds {unknown}
 t - a potion of haste {unknown}


   Skills:
 + Level 3.0 Fighting
 + Level 3.7 Short Blades
 + Level 5.7 Dodging
 + Level 6.7 Stealth
 + Level 5.3 Spellcasting
 - Level 1.3 Transmutations
 - Level 3.0 Poison Magic


You had 15 spell levels left.
You knew the following spells:

 Your Spells              Type           Power      Damage    Failure   Level
a - Sting                 Tmut/Pois      44%        1d5       5%          1

Your spell library contained the following spells:

 Spells                   Type           Power      Damage    Failure   Level
 Poisonous Vapours        Pois/Air       18%        N/A       12%         2
 Apportation              Tloc           8%         N/A       14%         1
 Necrotise                Necr           16%        1d4       14%         1
 Summon Small Mammal      Summ           16%        N/A       14%         1
 Blink                    Tloc           8%         N/A       22%         2
 Mephitic Cloud           Conj/Pois/Air  7%         N/A       28%         3
 Olgreb's Toxic Radiance  Pois           14%        N/A       36%         4
 Manifold Assault         Tloc           4%         N/A       98%         5
 Storm Form               Tmut/Air       3%         N/A       100%        7


Dungeon Overview and Level Annotations

Branches:
Dungeon (4/15)
 Temple: D:4-7

Altars:
Gozag
Nemelex Xobeh
Vehumet


Innate Abilities, Weirdness & Mutations

You are very small and have problems with some larger weapons.
You are too small for most types of armour.
You have supernaturally acute eyesight. (SInv)
You cover ground extremely quickly. (Speed+++)


Message History

You kill the orc!
The orc priest begins to cast a cantrip, but forgets the words!
Casting: Sting (safe; 5% risk of failure)
Confirm with . or Enter, or press ? or * to list all spells.
Aiming: Sting (safe; 5% risk of failure)
Press: ? - help, Shift-Dir - straight line, f/p - orc wizard
Aim: an orc wizard, wielding a +0 dagger and wearing a +0 robe (moderately wounded, slightly transparent, 64% to hit)
The sting hits the orc wizard but does no damage.
The orc wizard is poisoned.
The orc wizard is moderately wounded.
The orc wizard misses you.
Casting: Sting (safe; 5% risk of failure)
Confirm with . or Enter, or press ? or * to list all spells.
Aiming: Sting (safe; 5% risk of failure)
Press: ? - help, Shift-Dir - straight line, f/p - orc wizard
Aim: an orc wizard, wielding a +0 dagger and wearing a +0 robe (heavily wounded, slightly transparent, poisoned, 64% to hit)
The sting hits the orc wizard.
The orc wizard looks even sicker.
The orc wizard is severely wounded.
The orc priest calls down the wrath of Beogh upon you.
The orc wizard struggles to resist.
You open the door.
The orc priest looks encouraged for a moment.
The orc wizard shouts!
There is an open door here.
The orc wizard gestures at you while chanting.
The puff of flame hits you!
You kill the orc wizard!
Your Fighting skill increases to level 3!
Casting: Sting (safe; 5% risk of failure)
Confirm with . or Enter, or press ? or * to list all spells.
You can't see any susceptible monsters within range! (Use Z to cast anyway.)
The orc priest looks satisfied for a moment.
The orc priest invokes the aid of Beogh against you.
Pain shoots through your body!
* * * LOW HITPOINT WARNING * * *
The orc wizard casts a spell.
The orc wizard flickers and vanishes for a moment.
The orc wizard gestures at you while chanting.
The puff of flame hits you!
You die...

#.........##
###'#######..####################
≈≈≈.≈≈≈≈≈≈#....#........#........
.[.......≈#....#........#........
...#.....≈#....#........#........
...#.....≈###..##..##..#######...
#..#..#..≈# #'###..##o.##...##...
#.)#..#..≈# #...#................
###8###..≈# #...@................
#..#.)#..≈# #...#................
#..#..#..≈# #...#..♣.♣.......o...
...#.....≈# ########..########...
...#.....≈#######♣#♣.♣#♣...###...
.........≈#......................
≈≈≈.≈≈≈≈≈≈#....).♣.♣.♣.♣.........
###'#######......#...............
#..#..###..##..#.♣.♣#..+.#.....


You could see an orc wizard (invisible).

Vanquished Creatures
  Grinder (D:4)
  An ice beast (D:3)
  An ogre (D:4)
  A scorpion (D:4)
  A jelly (D:3)
  A hound (D:4)
  2 iguanas (D:4)
  2 orc wizards (D:4)
  Ijyb (D:4)
  Robin (D:3)
  6 gnolls (D:2)
  4 adders
  2 dart slugs (D:1)
  5 orcs
  7 ball pythons
  2 bats
  8 endoplasms
  4 giant cockroaches
  14 goblins
  10 hobgoblins
  6 jackals
  9 kobolds
  4 quokkas
  2 frilled lizards
  5 rats
100 creatures vanquished.

Notes
Turn   | Place    | Note
-------+----------+-------------------------------------------
     0 | D:1      | bjubeck the Spriggan Venom Mage began the quest for the
                  | Orb.
     0 | D:1      | Reached XP level 1. HP: 9/9 MP: 5/5
   208 | D:1      | Reached XP level 2. HP: 14/14 MP: 0/6
   327 | D:1      | Found a faded altar of an unknown god.
   864 | D:1      | Reached XP level 3. HP: 17/17 MP: 6/8
  1194 | D:2      | Reached skill level 1 in Fighting
  1194 | D:2      | Reached skill level 1 in Short Blades
  1194 | D:2      | Reached skill level 4 in Stealth
  1261 | D:2      | Reached XP level 4. HP: 22/22 MP: 5/10
  2414 | D:3      | Reached XP level 5. HP: 14/25 MP: 7/11
  2467 | D:3      | Noticed Robin
  3019 | D:3      | Killed Robin
  3279 | D:3      | Found an opulent altar of Gozag.
  3553 | D:3      | Found a sparkling altar of Nemelex Xobeh.
  3573 | D:4      | Noticed an ice beast
  3633 | D:3      | Killed an ice beast
  3634 | D:3      | Reached skill level 5 in Stealth
  3634 | D:3      | Reached XP level 6. HP: 16/30 MP: 8/13
  4164 | D:4      | Found a radiant altar of Vehumet.
  4203 | D:4      | Reached skill level 5 in Dodging
  4203 | D:4      | Reached skill level 6 in Stealth
  4203 | D:4      | Reached XP level 7. HP: 28/35 MP: 8/15
  4476 | D:4      | Noticed Grinder
  4504 | D:4      | Killed Grinder
  4505 | D:4      | Reached skill level 5 in Spellcasting
  4710 | D:4      | Noticed Ijyb
  4716 | D:4      | Killed Ijyb
  4918 | D:4      | Killed from afar by an orc wizard

Illustrated notes

Levels and vault maps discovered:
D:1:      heliophobic_arrival_battle_scene, layout_loops_cross,
          basic_ecumenical_altar, st_stairs_11
D:2:      layout_basic
D:3:      layout_rooms, nemelex_dance_club_becter,
          nicolae_gozag_cash_rules_everything_around_me, uniq_robin
D:4:      layout_gridville, mainiacjoe_overflow_concentric_impassable,
          serial_forest, infiniplex_forest_clump_small,
          infiniplex_forest_lined_3_way, infiniplex_forest_end_2,
          infiniplex_forest_end_2, infiniplex_forest_clump_small,
          infiniplex_forest_pool, infiniplex_forest_lined_4_way,
          kennysheep_generic_room_16, uniq_grinder, uniq_ijyb

Skill      XL: |  1  2  3  4  5  6  7 |
---------------+----------------------+-----
Dodging        | 3 4 5 |  5.7
Spellcasting   | 3 4 5 |  5.3
Fighting       | 1 2 3 |  3.0
Short Blades   | 1 2 3 |  3.7
Stealth        | 4 5 6 |  6.7
Transmutations | |  1.3
Poison Magic   | |  3.0

Action                   |  1- 3 |  4- 6 |  7- 9 || total
-------------------------+-------+-------+-------++-------
Melee: Dagger            |    24 |   105 |    10 ||   139
 Cast: Sting             |    40 |    70 |    16 ||   126
 Stab: Sleeping          |       |    15 |     1 ||    16
Armor: Robe              |     3 |    16 |       ||    19
Dodge: Dodged            |    26 |   115 |    10 ||   151
Block: Other             |       |     3 |     2 ||     5
